 Dungeon Crawl Stone Soup version 0.22-a0-422-g9628fc8 (webtiles) character file.

228 galech the Skirmisher (level 6, -2/53 HPs)
             Began as a Gnoll Wanderer on May 16, 2018.
             Killed from afar by an orc wizard (5 damage)
             ... with a magic dart
             ... on level 4 of the Dungeon.
             The game lasted 00:06:13 (2816 turns).

galech the Skirmisher (Gnoll Wanderer)              Turns: 2816, Time: 00:06:13

Health: -2/53      AC:  2    Str: 12    XL:     6   Next: 2%
Magic:  8/8        EV: 13    Int: 17    God:
Gold:   94         SH:  0    Dex: 16    Spells: 7/8 levels left

rFire    . . .     SeeInvis .   a - +3 shortbow
rCold    . . .     Gourm    .   (shield currently unavailable)
rNeg     . . .     Faith    .   e - +0 robe
rPois    +         Spirit   .   (no helmet)
rElec    .         Reflect  .   (no cloak)
rCorr    .         Harm     .   (no gloves)
MR       .....                  (no boots)
Stlth    +.........             (no amulet)
HPRegen  0.17/turn              g - ring of flight
MPRegen  0.11/turn              l - ring of poison resistance

@: glowing
A: distributed training, fangs 1, strong nose
a: Evoke Flight


You were on level 4 of the Dungeon.
You were not hungry.

You visited 1 branch of the dungeon, and saw 4 of its levels.

You collected 94 gold pieces.

Inventory:

Hand Weapons
 a - a +3 shortbow (weapon)
 c - a +0 hand axe
 i - a -2 short sword
Missiles
 b - 57 arrows (quivered)
Armour
 e - a +0 robe (worn)
Jewellery
 g - a ring of flight (left hand)
 l - a ring of poison resistance (right hand)
Scrolls
 k - a scroll of identify
 n - a scroll of remove curse
 o - a scroll of teleportation
Potions
 d - a potion of lignification
 h - 2 potions of heal wounds {unknown}
 j - a potion of degeneration {unknown}
 m - a potion of invisibility {unknown}
 p - a potion of curing {unknown}
 q - 2 potions of berserk rage {unknown}
 r - 4 potions of haste {unknown}
Comestibles
 f - 5 rations


   Skills:
 + Level 6.7 Fighting
 + Level 1.7 Short Blades
 + Level 1.7 Long Blades
 + Level 1.7 Axes
 + Level 1.7 Maces & Flails
 + Level 1.7 Polearms
 + Level 1.7 Staves
 + Level 1.7 Slings
 + Level 3.1 Bows
 + Level 1.7 Crossbows
 + Level 1.7 Throwing
 + Level 4.9 Armour
 + Level 3.1 Dodging
 + Level 2.9 Stealth
 + Level 3.1 Shields
 + Level 1.7 Unarmed Combat
 + Level 1.7 Spellcasting
 + Level 1.3 Conjurations
 + Level 1.3 Hexes
 + Level 1.3 Charms
 + Level 1.3 Summonings
 + Level 1.3 Necromancy
 + Level 1.3 Translocations
 + Level 1.3 Transmutations
 + Level 1.3 Fire Magic
 + Level 1.3 Ice Magic
 + Level 1.3 Air Magic
 + Level 1.3 Earth Magic
 + Level 1.3 Poison Magic
 + Level 1.9 Invocations
 + Level 3.1 Evocations


You had 7 spell levels left.
You knew the following spells:

 Your Spells              Type           Power        Failure   Level  Hunger
a - Magic Dart            Conj           #...         12%         1    ##.....

Your spell library contained the following spells:

 Spells                   Type           Power        Failure   Level  Hunger
 Iskenderun's Mystic Bla  Conj           #.......     75%         4    #####..
 Fulminant Prism          Conj/Hex       #.........   75%         4    #####..
 Dazzling Spray           Conj/Hex       #.....       34%         3    ####...
 Force Lance              Conj/Tloc      #.......     75%         4    #####..
 Searing Ray              Conj           #.....       17%         2    ###....


Dungeon Overview and Level Annotations

Branches:
Dungeon (4/15)
 Temple: D:4-7

Altars:
Elyvilon
Gozag
Yredelemnul
The Shining One

Shops:
D:4 *


Innate Abilities, Weirdness & Mutations

Your experience applies equally to all skills.
You have very sharp teeth.
Your uncanny sense of smell can sniff out nearby items.


Message History

There is an entrance to Timoo's Assorted Antiques here.
The gnoll throws a stone.
The stone hits you.
* * * LOW HITPOINT WARNING * * *
The gnoll shaman calls upon its god to speed up the gnoll.
The gnoll seems to speed up.
You see here a stone.
The gnoll throws a stone.
The stone hits you.
* * * LOW HITPOINT WARNING * * *
You see here a stone.
The gnoll throws a stone.
The stone misses you.
The hound barks!
The orc wizard gestures wildly while chanting.
The orc wizard flickers and vanishes!
Deactivating autopickup; reactivate with Ctrl-A.
As you read the scroll labeled BIXAPN IMIOR, it crumbles to dust.
It is a scroll of identify.
o - a scroll of teleportation A magic dart appears from out of thin air!
The magic dart hits you!
You die...

#.#.##.....
#g#......##
#.####g.## ######.#
#g.# #......# #(.##
#(#########((.#
######((..(.(.<#.#.#
#....#...........#.#
#...@#).#.....####(#
#.....(($g..(.'..).#
#.....#.∩:#...######
#...o.(..(....#
#.......#.....#
#...o.........#
#...h{.(......#
#..........####
#..........#


You could see a gnoll shaman, a hound and 2 orcs.

Vanquished Creatures
  The ghost of Venturno the Magician, an amateur DEIE (D:3)
  A scorpion (D:3)
  A gnoll (D:4)
  3 adders
  2 oozes
  4 worms
  2 dart slugs (D:1)
  2 leopard geckos (D:1)
  A giant cockroach (D:2)
  9 goblins
  6 hobgoblins
  3 jackals (D:1)
  3 kobolds (D:1)
  2 quokkas
  A bat (D:1)
  6 frilled lizards
  9 rats
56 creatures vanquished.

Notes
Turn   | Place    | Note
-------+----------+-------------------------------------------
     0 | D:1      | galech the Gnoll Wanderer began the quest for the Orb.
     0 | D:1      | galech set off with: a +2 shortbow, 23 arrows, a +0 hand axe, a potion of lignification, a +0 robe, a ration
     0 | D:1      | Reached XP level 1. HP: 23/23 MP: 2/2
    41 | D:1      | Reached XP level 2. HP: 29/29 MP: 3/3
   424 | D:1      | Reached XP level 3. HP: 35/35 MP: 4/4
   654 | D:2      | Found a faded altar of an unknown god.
   659 | D:2      | Reached skill level 1 in Invocations
   706 | D:2      | Found a basalt altar of Yredelemnul.
   711 | D:2      | Found an opulent altar of Gozag.
   723 | D:2      | Reached skill level 1 in Short Blades
   723 | D:2      | Reached skill level 1 in Long Blades
   723 | D:2      | Reached skill level 1 in Axes
   723 | D:2      | Reached skill level 1 in Maces & Flails
   723 | D:2      | Reached skill level 1 in Polearms
   723 | D:2      | Reached skill level 1 in Staves
   723 | D:2      | Reached skill level 1 in Slings
   723 | D:2      | Reached skill level 1 in Crossbows
   723 | D:2      | Reached skill level 1 in Throwing
   723 | D:2      | Reached skill level 1 in Unarmed Combat
   723 | D:2      | Reached skill level 1 in Spellcasting
   754 | D:2      | Reached XP level 4. HP: 26/41 MP: 6/6
  1499 | D:2      | Found a white marble altar of Elyvilon.
  1635 | D:3      | Noticed Venturno's ghost (amateur DEIE)
  1767 | D:3      | Reached skill level 1 in Conjurations
  1767 | D:3      | Reached skill level 1 in Hexes
  1767 | D:3      | Reached skill level 1 in Charms
  1767 | D:3      | Reached skill level 1 in Summonings
  1767 | D:3      | Reached skill level 1 in Necromancy
  1767 | D:3      | Reached skill level 1 in Translocations
  1767 | D:3      | Reached skill level 1 in Transmutations
  1767 | D:3      | Reached skill level 1 in Fire Magic
  1767 | D:3      | Reached skill level 1 in Ice Magic
  1767 | D:3      | Reached skill level 1 in Air Magic
  1767 | D:3      | Reached skill level 1 in Earth Magic
  1767 | D:3      | Reached skill level 1 in Poison Magic
  1767 | D:3      | Reached XP level 5. HP: 47/47 MP: 7/7
  1931 | D:3      | Learned a level 1 spell: Magic Dart
  2141 | D:3      | Killed Venturno's ghost
  2287 | D:3      | Found a glowing golden altar of the Shining One.
  2395 | D:4      | Found Timoo's Assorted Antiques.
  2395 | D:4      | Noticed an ogre
  2706 | D:4      | HP: 2/47 [gnoll/halberd (8)]
  2708 | D:4      | Reached XP level 6. HP: 3/53 MP: 8/8
  2813 | D:4      | HP: 2/53 [gnoll/stone (2)]
  2816 | D:4      | Killed from afar by an orc wizard

Vault maps used:
D:1:      minmay_arrival_diagonal_passages
D:2:      nicolae_overflow_hidden_temple, lemuel_coloured_pillars_altar,
          chequers_ecumenical_altar_island
D:3:      nicolae_tso_swordbearing_angel
D:4:      serial_shops, shop, nicolae_shop_crystal, nicolae_shop_stone,
          kennysheep_mini_moat, first_ration

Skill      XL: |  1  2  3  4  5 |
---------------+----------------+-----
Invocations    | 1 |  1.9
Short Blades   | 1 |  1.7
Long Blades    | 1 |  1.7
Axes           | 1 |  1.7
Maces & Flails | 1 |  1.7
Polearms       | 1 |  1.7
Staves         | 1 |  1.7
Slings         | 1 |  1.7
Crossbows      | 1 |  1.7
Throwing       | 1 |  1.7
Unarmed Combat | 1 |  1.7
Spellcasting   | 1 |  1.7
Conjurations   | 1 |  1.3
Hexes          | 1 |  1.3
Charms         | 1 |  1.3
Summonings     | 1 |  1.3
Necromancy     | 1 |  1.3
Translocations | 1 |  1.3
Transmutations | 1 |  1.3
Fire Magic     | 1 |  1.3
Ice Magic      | 1 |  1.3
Air Magic      | 1 |  1.3
Earth Magic    | 1 |  1.3
Poison Magic   | 1 |  1.3
Bows           | 3 |  3.1
Dodging        | 3 |  3.1
Shields        | 3 |  3.1
Evocations     | 3 |  3.1
Fighting       | |  6.7
Armour         | |  4.9
Stealth        | |  2.9

Action                   |  1- 3 |  4- 6 || total
-------------------------+-------+-------++-------
Melee: Short sword       |    18 |       ||    18
       Bite              |     2 |       ||     2
       Hand axe          |     1 |    12 ||    13
       Punch             |       |     1 ||     1
 Fire: Shortbow          |    66 |    48 ||   114
 Cast: Magic Dart        |       |     7 ||     7
  Use: Scroll            |     2 |     1 ||     3
       Potion            |     1 |       ||     1
 Stab: Sleeping          |     1 |       ||     1
  Eat: Chunk             |       |     6 ||     6
Armor: Robe              |     3 |     2 ||     5
       Skin              |     1 |     2 ||     3
Dodge: Dodged            |    25 |    24 ||    49

Table legend:
 A = Spawn XP
 B = Non-spawn XP
 C = Spawn XP percentage of total XP
 D = Spawn monster count
 E = Non-spawn monster count
 F = Spawn count percentage of total count
 G = Total turns spent on level
                    A         B        C        D         E        F      G
               +---------+---------+-------+---------+---------+-------+---------
         Total |       0 |     326 |   0.0 |       0 |      56 |   0.0 |  2816
               +---------+---------+-------+---------+---------+-------+---------
           D:1 |       0 |      53 |   0.0 |       0 |      25 |   0.0 |   589
           D:2 |       0 |      62 |   0.0 |       0 |      16 |   0.0 |  1308
           D:3 |       0 |     190 |   0.0 |       0 |      12 |   0.0 |   769
           D:4 |       0 |      21 |   0.0 |       0 |       3 |   0.0 |   150
               +---------+---------+-------+---------+---------+-------+---------
